AoeStats
← EDD

Black Forest

509934472Analyzed
4v4 RM · 2d ago on Sep 28, 2026· 30m 12s· 8 players
Game mode
Random Map
Map size
Large (8 player)
Population
200
Speed
Normal
Resources
Standard
Victory
Conquest
Starting age
Dark Age
Ending age
Imperial Age
RankedLock teamsTeams togetherTeam positionsShared explorationLock speedFull tech treeHidden civsTurbo modeCheats
Victory
Defeat
🇳🇱 Georgians · Netherlands
1038
+13
🇦🇷 Turks · Argentina
1023
+14
🇹🇷 Persians · Türkiye
1001
+14
🇨🇿 Armenians · Czechia
988
+15
🇬🇧 Japanese · United Kingdom
1000
-45
🇬🇧 Cumans · United Kingdom
989
-15
🇬🇧 Mongols · United Kingdom
955
-13
🇬🇧 Varangians · United Kingdom
935
-13
☾★Ertugrul☾★
1:07 Loom
12:08 Feudal Age
17:35 Castle Age
16:16 Double-Bit Axe
17:05 Scale Barding Armor
20:06 Chain Barding Armor
22:38 Wheelbarrow
27:55 Gold Mining
32:21 Imperial Age
spudybudy
10:39 Feudal Age
10:27 Loom
12:34 Double-Bit Axe
12:42 Gold Mining
13:17 Horse Collar
16:22 Castle Age
15:37 Stone Mining
17:05 Wheelbarrow
17:54 Bow Saw
18:44 Stone Shaft Mining
20:59 Bloodlines
23:46 Forging
23:42 Scale Barding Armor
24:58 Husbandry
26:55 Chain Barding Armor
28:10 Iron Casting
Plundr dobrej koláč
5:39 Loom
10:36 Feudal Age
8:52 Loom
17:56 Castle Age
20:52 Wheelbarrow
21:24 Man-at-Arms
22:13 Long Swordsman
23:20 Forging
23:10 Double-Bit Axe
26:07 Horse Collar
26:02 Two-Handed Swordsman
27:55 Pikeman
28:54 Scale Mail Armor
Franklin59552
0:37 Loom
11:21 Feudal Age
11:56 Horse Collar
12:04 Double-Bit Axe
20:19 Castle Age
27:57 Heavy Plow
30:18 Wheelbarrow
Chimpyking
12:31 Loom
14:49 Feudal Age
16:31 Wheelbarrow
15:50 Gold Mining
15:42 Horse Collar
15:55 Double-Bit Axe
16:59 Stone Mining
20:11 Forging
20:02 Scale Mail Armor
23:11 Castle Age
21:55 Scale Mail Armor
23:11 Pikeman
26:40 Heavy Plow
27:20 Gold Shaft Mining
29:29 Caravan
Michael1635
12:57 Feudal Age
21:40 Castle Age
19:27 Double-Bit Axe
20:00 Gold Mining
19:52 Horse Collar
24:48 Fletching
27:38 Heavy Plow
AgentCage
8:55 Loom
10:51 Feudal Age
15:19 Castle Age
15:38 Double-Bit Axe
15:36 Horse Collar
16:33 Forging
17:33 Bloodlines
24:26 Pikeman
26:30 Scale Mail Armor
27:06 Iron Casting
26:58 Bow Saw
30:14 Wheelbarrow
EDD
3:49 Loom
10:41 Feudal Age
11:22 Double-Bit Axe
13:38 Horse Collar
17:30 Castle Age
17:58 Wheelbarrow
18:25 Bow Saw
21:19 Pikeman
22:50 Hand Cart
23:00 Forging
22:51 Scale Mail Armor
23:14 Squires
Connection lost

Rejoining the realm…

Still unreachable

The connection could not be restored.

Session expired

The server has moved on; the page needs a fresh start.